 Dungeon Crawl Stone Soup version 0.27-a0-1189-gb8eb6cee8e (console) character file.

Game seed: 6110098371707118058

56616 jejorda2 the Phalangite (level 14, -8/115 HPs)
             Began as a Merfolk Berserker on May 22, 2021.
             Was a High Priest of Trog.
             Mangled by a blink frog (13 damage)
             ... while paralysed
             ... on level 6 of the Lair of Beasts.
             The game lasted 00:41:18 (20015 turns).

jejorda2 the Phalangite (Merfolk Berserker)        Turns: 20015, Time: 00:41:19

Health: -8/115     AC: 20    Str: 28    XL:     14   Next: 82%
Magic:  14/14      EV:  2    Int:  7    God:    Trog [*****.]
Gold:   1199       SH:  0    Dex: 13    Spells: 13/13 levels left

rFire    + + +     SeeInvis .   a - +2 glaive (vorpal)
rCold    . . .     Faith    .   (shield currently unavailable)
rNeg     + . .     Spirit   .   g - +2 chain mail {rF+}
rPois    .         Reflect  .   X - +0 helmet "Mykuiti" {rF+ rN+}
rElec    .         Harm     .   A - +2 cloak
rCorr    .         Rampage  .   f - +0 pair of gloves
Will     +....                  L - +0 pair of boots
Stlth    ..........             O - amulet of regeneration
HPRegen  1.29/turn              p - ring of protection from fire
MPRegen  0.14/turn              M - +6 ring of strength

@: paralysed, lethally poisoned (-8 -> -8), on berserk cooldown, slowed
A: (nimble swimmer 2), mertail
a: Renounce Religion, Berserk, Trog's Hand, Brothers in Arms


You were on level 6 of the Lair of Beasts.
You worshipped Trog.
Trog was extremely pleased with you.
You visited 2 branches of the dungeon, and saw 17 of its levels.
You also visited: Ossuary.

You collected 1199 gold pieces.

Inventory:

Hand Weapons
 a - a +2 vorpal glaive (weapon)
 b - a +1 halberd of flaming
 P - a +4 antimagic bardiche
 U - a +2 glaive of venom
Missiles
 q - 88 poisoned darts
 y - 3 javelins
 B - 10 boomerangs (quivered)
 J - a throwing net
 V - 2 atropa-tipped darts
Armour
 f - a +0 pair of gloves (worn)
 g - a +2 chain mail of fire resistance (worn)
 A - a +2 cloak (worn)
 E - +0 swamp dragon scales
 L - a +0 pair of boots (worn)
 X - the +0 helmet "Mykuiti" (worn) {rF+ rN+}
   (You found it on level 5 of the Lair of Beasts)

   It protects you from fire.
   It protects you from negative energy.
Jewellery
 p - a ring of protection from fire (left hand)
 r - a ring of flight
 I - a ring of fire
 M - a +6 ring of strength (right hand)
 O - an amulet of regeneration (around neck)
Wands
 k - a wand of paralysis (7)
 l - a wand of acid (7)
 n - a wand of flame (43)
 x - a wand of polymorph (11)
 z - a wand of digging (4)
 G - a wand of iceblast (4)
 Q - a wand of mindburst (3)
Scrolls
 e - 8 scrolls of teleportation
 s - 3 scrolls of magic mapping
 t - 4 scrolls of fog
 C - a scroll of silence
 H - 3 scrolls of blinking
 K - a scroll of fear
 S - a scroll of enchant armour
 W - a scroll of enchant weapon
Potions
 c - a potion of resistance
 d - 4 potions of lignification
 h - 3 potions of mutation
 i - 4 potions of attraction
 j - 7 potions of heal wounds
 m - a potion of cancellation
 o - 7 potions of curing
 u - a potion of berserk rage
 v - 2 potions of flight
 w - 2 potions of might
 F - a potion of haste
 N - 4 potions of invisibility
 R - 4 potions of ambrosia
Miscellaneous
 T - a tin of tremorstones (2/2)


   Skills:
 - Level 12.0 Fighting
 * Level 22.9 Polearms
 - Level 6.0 Throwing
 + Level 8.2 Armour
 - Level 9.0 Dodging
 - Level 6.0 Evocations


You had 13 spell levels left.
You didn't know any spells.
Your spell library was empty.

Dungeon Overview and Level Annotations

Branches:
Dungeon (11/15)            Temple (0/1) D:7            Lair (6/6) D:11
 Shoals (0/4) Lair:2        Snake (0/4) Lair:3        Slime (0/5) Lair:5
    Orc (0/2) D:10        Ossuary (visited)

Altars:
Ashenzari
Dithmenos
Elyvilon
Fedhas
Gozag
Okawaru
Trog
Uskayaw
Wu Jian
Xom
Yredelemnul

Shops:
D:1 [


Innate Abilities, Weirdness & Mutations

((You are quick and stealthy near water. (Stealth+, EV+, Speed+++)))
Your lower body shifts to a powerful aquatic tail in water.


Message History

The blink frog hits you but does no damage.
The blink frog blinks!
The bullfrog hits you but does no damage.
Your deep troll bites the blink frog!
Your deep troll barely misses the blink frog.
Your deep troll closely misses the blink frog.
The blink frog hits you but does no damage.
You slice the bullfrog!!
You kill the bullfrog!
Trog accepts your kill.
You feel sick. The blink frog hits you!
* * * LOW HITPOINT WARNING * * *
The blink frog barely misses you.
The blink frog blinks!
You feel sick.
Your deep troll bites the blink frog!
Your deep troll claws the blink frog!!
The blink frog dies!
Trog accepts your kill.
The blink frog blinks!
You feel a strong urge to attack something.
You feel sick.
The blink frog blinks!
You hear an angry growl.
You are no longer berserk.
You pass out from exhaustion.
You feel yourself slow down.
You feel sick.
The blink frog blinks!
Your deep troll rages.
The blink frog blinks!
You feel sick.
The blink frog blinks! x2
You feel sick.
Your deep troll barely misses the blink frog.
Your deep troll claws the blink frog!!
Your deep troll completely misses the blink frog.
You feel sick. The blink frog hits you.
* * * LOW HITPOINT WARNING * * *
The blink frog blinks!
The blink frog hits your deep troll!
Your deep troll bites the blink frog!!
The blink frog dies!
Trog accepts your kill.
The blink frog hits you but does no damage.
The blink frog hits you!
You die...

#................,*****
#...............#**,≈≈,
#................,≈,≈≈≈
##..............P.,≈≈≈≈≈
#............†.≈..≈≈≈≈≈≈
#..........†.†.≈.≈≈≈≈≈≈≈
#........§†....P.≈≈≈≈≈≈≈
*#.....F.§......≈≈≈≈≈≈≈≈
##....@.F.T†...≈≈≈≈≈≈≈≈
#.....FF.......≈≈≈≈≈≈≈≈
##........§....≈≈≈≈≈≈≈≈
*#.............≈≈≈≈≈≈≈≈
#...............≈≈≈≈≈≈≈
#.............PPP≈≈≈≈≈≈
##............#.≈≈≈≈≈**
*#............#,≈≈*≈***
*,,,,,,,,,,,,,*,*≈****≈


You could see 4 blink frogs and a friendly deep troll (summoned, berserk).

Vanquished Creatures
  Nessos (Lair:4)
  Josephine (D:11)
  Erolcha (D:9)
  2 boulder beetles
  8 hydras
  Erica (D:10)
  A two-headed ogre (D:11)
  A centaur warrior (D:9)
  6 death yaks (Lair:5)
  A fire crab (Lair:3)
  A lindwurm (Lair:5)
  Pikel (D:4)
  2 oklob plants (Lair:5)
  An ugly thing (D:9)
  A manticore (D:11)
  A cyclops (D:11)
  11 elephants
  Maggie (D:9)
  11 cane toads
  A torpor snail (Lair:5)
  6 rime drakes
  4 komodo dragons
  2 trolls (D:11)
  A queen bee (Lair:5)
  3 polar bears
  Grinder (D:4)
  3 meliai (Lair:5)
  Prince Ribbit (D:5)
  23 blink frogs
  A slime creature (D:9)
  2 shadows
  48 yaks
  3 wyverns
  3 wraiths (D:11)
  Eustachio (D:5)
  4 basilisks
  A vampire mosquito (Lair:6)
  A steam dragon (D:9)
  Grum (D:9)
  4 nagas (Lair:3)
  An acid dragon (D:9)
  19 water moccasins
  2 orc warriors
  3 sky beasts
  8 black bears
  A hornet zombie (D:7)
  An ice beast (D:7)
  An ogre (D:7)
  A necrophage (D:5)
  2 centaurs
  16 wolves
  An elf zombie (D:4)
  A lemure (D:4)
  A phantom (D:4)
  8 bullfrogs
  A kobold brigand (D:8)
  2 wyvern zombies (D:6)
  2 scorpions
  An elf skeleton (D:4)
  A water moccasin zombie (D:5)
  41 killer bees
  4 howler monkeys
  8 wights
  4 electric eels (Lair:4)
  A bullfrog zombie (D:5)
  3 centaur zombies
  A human zombie (D:4)
  7 hounds
  3 jellies
  11 orc priests
  A centaur skeleton (D:5)
  3 iguanas
  A gnoll shaman (D:7)
  A human skeleton (D:4)
  Natasha (thrice) (D:2)
  13 orc wizards
  2 hell rats (Lair:3)
  2 killer bee zombies
  A hound skeleton (D:5)
  A howler monkey zombie (D:7)
  3 mummies (Ossuary)
  11 gnolls
  8 adders
  12 river rats
  A white imp (D:6)
  An ufetubus (D:5)
  4 adder zombies (Ossuary)
  3 worms
  A dart slug (D:1)
  53 orcs
  2 ball pythons (D:1)
  16 bats
  11 endoplasms
  8 giant cockroaches
  4 goblins
  9 hobgoblins
  9 jackals
  4 quokkas
  7 frilled lizards
  3 goblin zombies (Ossuary)
  3 hobgoblin zombies (Ossuary)
  8 kobolds
  3 kobold zombies (Ossuary)
  2 orc skeletons (D:4)
  2 orc zombies (Ossuary)
  4 rats
  3 rat zombies (Ossuary)
546 creatures vanquished.

Vanquished Creatures (collateral kills)
  6 cane toads (Lair:6)
  A rime drake (Lair:6)
  A tyrant leech (Lair:6)
  2 blink frogs (Lair:6)
  2 vampire mosquitoes (Lair:6)
  3 bullfrogs (Lair:6)
15 creatures vanquished.

Vanquished Creatures (others)
  A black mamba (Lair:5)
  A hound skeleton (D:4)
  A quokka (D:4)
  23 fungi
  70 plants
96 creatures vanquished.

Grand Total: 657 creatures vanquished

Notes
Turn   | Place    | Note
-------+----------+-------------------------------------------
     0 | D:1      | jejorda2 the Merfolk Berserker began the quest for the Orb.
     0 | D:1      | Reached XP level 1. HP: 18/18 MP: 1/1
   141 | D:1      | Reached XP level 2. HP: 24/24 MP: 2/2
   297 | D:1      | Reached skill level 5 in Polearms
   728 | D:1      | Reached XP level 3. HP: 29/29 MP: 3/3
   728 | D:1      | Found Oczucw's Antique Armour Shop.
   872 | D:1      | Found a faded altar of an unknown god.
  1333 | D:2      | Reached ** piety under Trog
  1522 | D:2      | Noticed Natasha
  1528 | D:2      | Killed Natasha
  1529 | D:2      | Reached skill level 6 in Polearms
  1529 | D:2      | Reached XP level 4. HP: 27/37 MP: 4/4
  1576 | D:2      | Noticed Natasha
  1585 | D:2      | Killed Natasha
  1585 | D:2      | Noticed Natasha
  1596 | D:2      | Killed Natasha
  1597 | D:2      | Reached XP level 5. HP: 33/42 MP: 5/5
  1960 | D:3      | Reached skill level 7 in Polearms
  2098 | D:3      | Noticed a sky beast
  2125 | D:3      | Killed a sky beast
  2126 | D:3      | Reached XP level 6. HP: 45/49 MP: 6/6
  2482 | D:3      | Reached *** piety under Trog
  2805 | D:4      | Reached skill level 8 in Polearms
  2889 | D:4      | Reached skill level 5 in Fighting
  2923 | D:4      | Found a sand-covered staircase.
  2940 | D:4      | Reached XP level 7. HP: 47/56 MP: 7/7
  2979 | Ossuary  | Entered an ossuary
  3326 | D:4      | Reached skill level 9 in Polearms
  3457 | D:4      | Reached **** piety under Trog
  3556 | D:4      | Noticed Pikel
  3590 | D:4      | Killed Pikel
  3591 | D:4      | Reached skill level 10 in Polearms
  3591 | D:4      | Reached XP level 8. HP: 46/64 MP: 8/8
  3755 | D:4      | Reached skill level 11 in Polearms
  3814 | D:4      | Noticed Grinder
  3824 | D:4      | Killed Grinder
  4185 | D:4      | Found a white marble altar of Elyvilon.
  4256 | D:4      | Reached skill level 12 in Polearms
  4322 | D:4      | Reached XP level 9. HP: 68/69 MP: 9/9
  4335 | D:4      | Found an iron altar of Okawaru.
  4437 | D:5      | Entered Level 5 of the Dungeon
  4462 | D:5      | Reached skill level 5 in Armour
  4656 | D:5      | Reached skill level 13 in Polearms
  5045 | D:5      | Noticed Eustachio
  5068 | D:5      | Killed Eustachio
  5382 | D:5      | Noticed Prince Ribbit
  5395 | D:5      | Killed Prince Ribbit
  5669 | D:6      | Reached skill level 14 in Polearms
  5991 | D:6      | Reached XP level 10. HP: 68/76 MP: 10/10
  6225 | D:6      | Found a shadowy altar of Dithmenos.
  6252 | D:6      | Reached skill level 15 in Polearms
  6559 | D:6      | Found a hide-covered altar of Uskayaw.
  6559 | D:6      | Found a broken altar of Ashenzari.
  6677 | D:6      | Found a basalt altar of Yredelemnul.
  7022 | D:7      | Reached skill level 1 in Throwing
  7948 | D:7      | Found a staircase to the Ecumenical Temple.
  8249 | D:8      | Reached skill level 16 in Polearms
  8265 | D:8      | Reached ***** piety under Trog
  8702 | D:8      | Reached skill level 5 in Dodging
  9039 | D:8      | Identified a scroll of acquirement
  9039 | D:8      | Acquired a +2 glaive of venom
  9872 | D:9      | Noticed Erolcha
  9882 | D:9      | Killed Erolcha
  9883 | D:9      | Reached XP level 11. HP: 81/81 MP: 11/11
  9932 | D:9      | Noticed Grum
  9940 | D:9      | Reached skill level 17 in Polearms
  9951 | D:9      | Killed Grum
 10167 | D:9      | Noticed a brown ugly thing
 10177 | D:9      | Killed a brown ugly thing
 10236 | D:9      | Noticed a centaur warrior
 10246 | D:9      | Killed a centaur warrior
 10435 | D:9      | Reached skill level 5 in Throwing
 10506 | D:9      | Reached skill level 18 in Polearms
 10670 | D:9      | Found a bloodstained altar of Trog.
 10717 | D:9      | Noticed Maggie
 10731 | D:9      | Killed Maggie
 10912 | D:9      | Found a basalt altar of Yredelemnul.
 10914 | D:9      | Found an iron altar of Okawaru.
 10914 | D:9      | Found a hide-covered altar of Uskayaw.
 10916 | D:9      | Found a shimmering altar of Xom.
 10916 | D:9      | Found an ornate altar of the Wu Jian Council.
 10916 | D:9      | Found a shimmering altar of Xom.
 11288 | D:10     | Entered Level 10 of the Dungeon
 11421 | D:10     | Found a staircase to the Orcish Mines.
 11465 | D:10     | Found an opulent altar of Gozag.
 11465 | D:10     | Found a blossoming altar of Fedhas.
 11640 | D:10     | Noticed Erica
 11663 | D:10     | Killed Erica
 11766 | D:10     | Reached skill level 19 in Polearms
 11812 | D:10     | Identified the +8 hand axe "Etikkiax" {drain, rC+ Dex+3}
 12549 | D:11     | Noticed a cyclops
 12563 | D:11     | Killed a cyclops
 12564 | D:11     | Reached XP level 12. HP: 85/88 MP: 12/12
 12577 | D:11     | Found a staircase to the Lair.
 12809 | D:11     | Reached skill level 20 in Polearms
 12817 | D:11     | Noticed Josephine
 12831 | D:11     | Killed Josephine
 13036 | D:11     | Noticed a two-headed ogre
 13047 | D:11     | Killed a two-headed ogre
 13240 | D:11     | Noticed a boulder beetle
 13253 | D:11     | Killed a boulder beetle
 13560 | Lair:1   | Entered Level 1 of the Lair of Beasts
 15164 | Lair:2   | Reached skill level 5 in Evocations
 15314 | Lair:2   | Noticed a five-headed hydra
 15328 | Lair:2   | Killed a three-headed hydra
 15637 | Lair:2   | Found a staircase to the Shoals.
 15668 | Lair:2   | Received a gift from Trog
 15679 | Lair:2   | Reached skill level 10 in Fighting
 15684 | Lair:2   | Reached XP level 13. HP: 77/103 MP: 13/13
 16431 | Lair:3   | Found a staircase to the Snake Pit.
 17660 | Lair:4   | Received a gift from Trog
 17829 | Lair:4   | Reached skill level 21 in Polearms
 17928 | Lair:4   | Noticed Nessos
 17945 | Lair:4   | Killed Nessos
 18344 | Lair:5   | Reached XP level 14. HP: 90/115 MP: 14/14
 18426 | Lair:5   | Found a staircase to the Slime Pits.
 18659 | Lair:5   | Identified the +0 helmet "Mykuiti" {rF+ rN+}
 18950 | Lair:5   | Reached skill level 22 in Polearms
 19423 | Lair:5   | Received a gift from Trog
 19983 | Lair:6   | Entered Level 6 of the Lair of Beasts
 20015 | Lair:6   | HP: 5/115 [blink frog (2)]
 20015 | Lair:6   | Mangled by a blink frog

Illustrated notes

Levels and vault maps discovered:
D:1:      tarquinn_simple_flora_water_b, layout_basic,
          ebering_ecumenical_altar_box, serial_shops, shop,
          grunt_decor_resistance
D:2:      layout_rooms, uniq_natasha
D:3:      minmay_angry_zag, layout_rooms
D:4:      layout_loops_ring, elyvilon_altar_4, kennysheep_mini_moat,
          nicolae_ossuary_entry_catacombs, uniq_pikel, uniq_grinder
D:5:      layout_gridville, uniq_prince_ribbit1, uniq_eustachio
D:6:      layout_basic, nicolae_overflow_hidden_temple,
          grunt_temple_overflow_open, lemuel_crystal_altar
D:7:      layout_basic, minmay_temple_entry_crystal_x, lemuel_another_geyser
D:8:      layout_rooms
D:9:      layout_loops_corners, trog_ov_bears_minmay, doesnt_xom_only_xom,
          minmay_misc_feat_chi, kb_rosetta, uniq_maggie, uniq_erolcha, uniq_grum
D:10:     layout_loops_ring, gammafunk_temple_overflow_wave, hiddenorc1_lemuel,
          kennysheep_generic_room_15, uniq_erica
D:11:     layout_rooms, lair_entry_dummy, uniq_josephine
Lair:1:   layout_cave_pods, infiniplex_staircase_pool_2
Lair:2:   layout_cave_pods, elwin_shoals_entry_rocks,
          cheibrodos_lair_reptile_den
Lair:3:   layout_chaotic_city, guppyfry_snake_entry_island, kennysheep_rathole,
          grunt_megastairs_1
Lair:4:   layout_long_grid, hangedman_lair_unloving_vines, minivault_24,
          chequers_serial_rivers_small_a, fungi_pond_lemuel,
          serial_bayou_shore_a, infiniplex_staircase_pool, serial_bayou_shore_b,
          grunt_megastairs_5, uniq_nessos
Lair:5:   regret_index_harrowing_hell_hive, layout_hall_layers,
          nicolae_slime_entry_slimehenge, chequers_serial_rivers_small_a,
          serial_bayou_crossing, grunt_megastairs_2
Lair:6:   minmay_lair_end_frog_pond, layout_regular_city,
          gauntlet_entry_generic, lookout_lair_type

Skill      XL: |  1  2  3  4  5  6  7  8  9 10 11 12 13 14 |
---------------+-------------------------------------------+-----
Polearms       | 5 6 7 8 10 12 14 16 19 20 21 22 | 22.9
Fighting       | 4 5 6 10 12 | 12.0
Armour         | 2 3 4 6 8 |  8.2
Dodging        | 6 8 9 |  9.0
Throwing       | 3 6 |  6.0
Evocations     | 6 |  6.0

Action                   |  1- 3 |  4- 6 |  7- 9 | 10-12 | 13-15 || total
-------------------------+-------+-------+-------+-------+-------++-------
Melee: Spear             |   162 |   127 |       |       |       ||   289
       Trident           |       |    97 |   204 |       |       ||   301
       Halberd           |       |       |   182 |   584 |    44 ||   810
       Glaive            |       |       |       |   149 |   641 ||   790
       Tailslap          |       |       |       |     2 |    14 ||    16
       Bardiche          |       |       |       |       |     4 ||     4
Throw: Dart              |       |       |     1 |    32 |       ||    33
       Javelin           |       |       |       |     3 |       ||     3
       Boomerang         |       |       |       |    16 |    10 ||    26
Invok: Trog's Hand       |     1 |     2 |     3 |     4 |     2 ||    12
       Berserk           |       |     1 |     3 |     7 |     8 ||    19
       Brothers in Arms  |       |       |       |       |     2 ||     2
Evoke: Wand              |       |       |       |       |     4 ||     4
  Use: Scroll            |       |     2 |    11 |    11 |     7 ||    31
       Potion            |       |       |       |     1 |       ||     1
 Stab: Sleeping          |     4 |       |       |       |       ||     4
Armor: Animal skin       |     6 |       |       |       |       ||     6
       Chain mail        |    35 |    98 |   148 |   312 |   278 ||   871
Dodge: Dodged            |    61 |    49 |    77 |   242 |   270 ||   699

Table legend: (Time is in decaauts)
 A = Elapsed time spent in this place.
 B = Non-inter-level travel time spent in this place.
 C = Inter-level travel time spent in this place.
 D = Time resting spent in this place.
 E = Time spent auto-exploring this place.
 F = Levels seen in this place.
 G = Mean time per level.
                   A        B        C        D        E       F      G
               +--------+--------+--------+--------+--------+-----+--------+
         Total |  19522 |  18575 |    947 |   1090 |  14207 |  18 | 1084.6 |
       Dungeon |  13037 |  12450 |    587 |    691 |   9859 |  11 | 1185.2 |
          Lair |   6164 |   5805 |    359 |    244 |   4269 |   6 | 1027.3 |
       Ossuary |    321 |    321 |      0 |    154 |     78 |   1 |  321.0 |
               +--------+--------+--------+--------+--------+-----+--------+

Top non-repeatable levels by time:
     D:9: 1586 daAuts
  Lair:1: 1527 daAuts
     D:7: 1523 daAuts
  Lair:5: 1510 daAuts
     D:4: 1492 daAuts
     D:6: 1411 daAuts
     D:1: 1184 daAuts
    D:10: 1160 daAuts
  Lair:2: 1128 daAuts
  Lair:3: 1078 daAuts
    D:11: 1060 daAuts
     D:8: 1053 daAuts
     D:5: 1024 daAuts
     D:3: 970 daAuts
  Lair:4: 896 daAuts
